 Dungeon Sprint DCSS version 0.27.1-33-g824d729ab1 (webtiles) character file.

Game seed: 606640140598734644

19856 Hipnos the Sorcerer (level 12, -7/64 HPs)
             Began as a Deep Elf Ice Elementalist on Nov 27, 2021.
             Was the Champion of Vehumet.
             Shot with an arrow by a deep elf master archer (18 damage)
             ... in the Dungeon (Sprint I: "Red Sonja").
             The game lasted 00:32:52 (4490 turns).

Hipnos the Sorcerer (Deep Elf Ice Elementalist)     Turns: 4490, Time: 00:32:53

Health: -7/64      AC: 21    Str:  7    XL:     12   Next: 40%
Magic:  33/50      EV: 16    Int: 29    God:    Vehumet [******]
Gold:   186        SH:  0    Dex: 15    Spells: 5/57 levels left

rFire    + + +     SeeInvis .   h - staff of air
rCold    + . .     Faith    .   (no shield)
rNeg     + . .     Spirit   .   r - +2 robe {Will+}
rPois    .         Reflect  .   p - +1 helmet {Int+3}
rElec    +         Harm     .   t - scarf {rC+ rF+}
rCorr    .         Rampage  .   q - +0 pair of gloves
Will     ++...     NoTele   +   i - +0 pair of boots {Stlth+}
Stlth    ++........             (no amulet)
HPRegen  0.20/turn              m - ring of protection from fire
MPRegen  0.32/turn              s - ring of Wu Jian's Displeasure {rF+ rN+ MP+9 Str+2}

@: ice-armoured, very slow
A: no striking features
a: Renounce Religion


You were in the Dungeon.
You worshipped Vehumet.
Vehumet was exalted by your worship.
You visited 1 branch You collected 2493 gold pieces.
You spent 2307 gold pieces at shops.

Inventory:

Hand Weapons
 c - a +1 scythe of freezing
 f - a +0 dagger
Armour
 a - a +0 robe
 e - a +0 helmet
 i - a +0 pair of boots of stealth (worn)
 j - a +2 cloak
 p - a +1 helmet of intelligence (worn)
 q - a +0 pair of gloves (worn)
 r - a +2 robe of willpower (worn)
 t - a scarf of resistance (worn)
Magical Staves
 h - a staff of air (weapon)
Jewellery
 m - a ring of protection from fire (left hand)
 s - the ring of Wu Jian's Displeasure (right hand) {rF+ rN+ MP+9 Str+2}
   (You bought it in a shop in the Dungeon)

   [ring of protection from fire]

   Str:       It affects your strength (+2).
   rF:        It protects you from fire.
   rN:        It protects you from negative energy.
   MP:        It affects your magic capacity (+9).
Wands
 d - a wand of polymorph (2)
Scrolls
 g - a scroll of blinking
 k - a scroll of enchant armour {unknown}
Potions
 b - 3 potions of curing
 l - a potion of might {unknown}
 n - a potion of lignification {unknown}
 o - a potion of cancellation {unknown}


   Skills:
 + Level 3.3 Fighting
 + Level 1.9 Polearms
 + Level 8.9 Dodging
 - Level 2.4 Stealth
 + Level 2.0 Unarmed Combat
 + Level 23.1 Spellcasting
 * Level 11.8 Conjurations
 + Level 2.8 Hexes
 * Level 9.3 Summonings
 + Level 1.0 Transmutations
 + Level 1.1 Fire Magic
 + Level 20.1 Ice Magic
 - Level 0.8 Air Magic
 + Level 1.6 Poison Magic


You had 5 spell levels left.
You knew the following spells:

 Your Spells              Type           Power      Damage    Failure   Level
a - Freeze                Ice            100%       1d11      0%          1
b - Frozen Ramparts       Ice            100%       1d12      0%          3
c - Hailstorm             Conj/Ice       90%        3d18      0%          4
d - Ozocubu's Armour      Ice            100%       N/A       0%          3
e - Sandblast             Erth           66%        2d15      1%          1
f - Call Canine Familiar  Summ           73%        N/A       1%          3
g - Summon Guardian Gole  Hex/Summ       62%        N/A       1%          3
h - Poisonous Vapours     Pois/Air       100%       N/A       1%          2
i - Dazzling Flash        Conj/Hex       100%       N/A       1%          3
j - Ignite Poison         Fire/Tmut/Pois 41%        N/A       1%          3
k - Irradiate             Conj/Tmut      31%        3d24      1%          5
l - Freezing Cloud        Conj/Ice/Air   49%        6-21      1%          5
m - Spellforged Servitor  Conj/Summ      38%        N/A       3%          7
n - Orb of Destruction    Conj           40%        9d14      1%          7
o - Blink                 Tloc           N/A        N/A       1%          2

Your spell library contained the following spells:

 Spells                   Type           Power      Damage    Failure   Level
 Ozocubu's Refrigeration  Ice            50%        4d15      1%          7
 Summon Small Mammal      Summ           100%       N/A       1%          1
 Stone Arrow              Conj/Erth      100%       3d13      1%          3
 Animate Armour           Summ/Erth      100%       N/A       1%          4
 Manifold Assault         Tloc           33%        N/A       26%         5
 Lehudib's Crystal Spear  Conj/Erth      30%        10d8      78%         8
 Storm Form               Tmut/Air       27%        N/A       99%         7


Dungeon Overview and Level Annotations

Branches:
Dungeon (1/1)

Altars:
Cheibriados
Dithmenos
Elyvilon
Fedhas
Gozag
Hepliaklqana
Kikubaaqudgha
Makhleb
Nemelex Xobeh
Okawaru
Qazlal
Ru
Sif Muna
Trog
Uskayaw
Vehumet
Wu Jian
Xom
Yredelemnul
Zin
The Shining One
Jiyva
Lugonu

Shops:
D =![(*=*[:?!=:**[!


Message History

Found 135 gold pieces.
A deep elf master archer comes into view.
Found 54 gold pieces.
There is an open door here.
You enter the shallow water.
Moving in this stuff is going to be slow.
Casting: Ignite Poison (safe; 1% risk of failure)
Confirm with . or Enter, or press ? or * to list all spells.
You ignite the poison in your surroundings!
The deep elf master archer shouts!
The deep elf master archer wields a +0 longbow.
The deep elf master archer shoots an arrow.
The arrow hits you!!
Casting: Ignite Poison (safe; 1% risk of failure)
Confirm with . or Enter, or press ? or * to list all spells.
A film of ice covers your body!
Casting: Ozocubu's Armour (safe; 0% risk of failure)
Confirm with . or Enter, or press ? or * to list all spells.
Aiming: Freezing Cloud (safe; 1% risk of failure)
Press: ? - help, Dir - move target, f - deep elf master archer
Aim: a deep elf master archer, wielding a +0 longbow, wearing +1 swamp dragon scales, wearing a ring of wizardry and quivering arrows You feel a surge of power!
The deep elf master archer is engulfed in freezing vapours.
The deep elf master archer shoots an arrow.
The arrow hits you!
The deep elf master archer is engulfed in freezing vapours.
The deep elf master archer shoots an arrow.
The arrow misses you.
Casting: Freezing Cloud (safe; 1% risk of failure)
Confirm with . or Enter, or press ? or * to list all spells.
The spell is quite dangerous to cast (3% risk of failure)!
Continue anyway?
You summon a servant imbued with your destructive magic!
The deep elf master archer is engulfed in freezing vapours.
The deep elf master archer shoots an arrow.
The arrow hits you!!
* * * LOW HITPOINT WARNING * * *
The deep elf master archer is engulfed in freezing vapours.
The deep elf master archer shoots an arrow.
The arrow hits you!!
You die...

#.###..# # #.# +..#
$# #+# ##'## $$#
#≈≈≈## #°°# #≈≈≈≈##
#°°○#
#≈≈≈≈≈########.°°○#
####≈≈≈≈#≈≈≈8≈#☼°.○$#
#..#'≈≈≈'≈≈.≈≈☼○°°○○#
#...##≈≈#≈≈≈≈@#°≈≈○○#
#....######'#####≈≈≈#
#....# §§≈≈≈ ≈≈#
###### ≈§e≈≈≈≈≈≈ ≈#
'.§.≈≈≈≈≈≈≈ #
#........≈≈
###########


You could see a deep elf master archer (ally target) and a friendly spellforged
servitor (summoned).

Vanquished Creatures
  the Lernaean hydra (D)
  A daeva (D)
  A deep elf annihilator (D)
  A mummy priest (D)
  A hydra (D)
  2 centaur warriors (D)
  Sonja (D)
  A deep troll (D)
  2 oklob plants (D)
  2 merfolk sirens (D)
  2 kobold demonologists (D)
  7 unseen horrors (D)
  A gargoyle (D)
  A hellwing (D)
  4 demonic crawlers (D)
  2 hornets (D)
  A slime creature (D)
  Sigmund (D)
  A redback (D)
  A yak (D)
  13 hogs (D)
  2 floating eyes (D)
  7 necrophages (D)
  An ogre (D)
  8 jellies (D)
  Ijyb (D)
  2 ballistomycete spores (D)
68 creatures vanquished.

Vanquished Creatures (collateral kills)
  A lindwurm (D)
  A hornet (D)
  A redback (D)
  A floating eye (D)
4 creatures vanquished.

Vanquished Creatures (others)
  A gargoyle (D)
  2 hornets (D)
3 creatures vanquished.

Grand Total: 75 creatures vanquished

Notes
Turn   | Place    | Note
-------+----------+-------------------------------------------
     0 | D        | Hipnos the Deep Elf Ice Elementalist began the quest for
                  | the Orb.
     0 | D        | Reached XP level 1. HP: 10/10 MP: 6/6
     2 | D        | Noticed Ijyb
    29 | D        | Killed Ijyb
    30 | D        | Reached skill level 4 in Spellcasting
    30 | D        | Reached XP level 2. HP: 2/15 MP: 3/9
   300 | D        | Noticed an ogre
   315 | D        | Killed an ogre
   316 | D        | Reached skill level 1 in Unarmed Combat
   316 | D        | Reached skill level 5 in Spellcasting
   316 | D        | Reached XP level 3. HP: 19/19 MP: 6/12
   316 | D        | Reached XP level 4. HP: 24/24 MP: 6/13
   382 | D        | Learned a level 3 spell: Frozen Ramparts
   387 | D        | Learned a level 4 spell: Hailstorm
   391 | D        | Learned a level 3 spell: Ozocubu's Armour
   394 | D        | Noticed Sigmund
   400 | D        | Killed Sigmund
   401 | D        | Reached skill level 8 in Spellcasting
   401 | D        | Reached skill level 1 in Conjurations
   401 | D        | Reached XP level 5. HP: 20/28 MP: 6/18
   401 | D        | Reached XP level 6. HP: 23/32 MP: 6/19
   497 | D        | Found an ornate altar of the Wu Jian Council.
   497 | D        | Found a shimmering blue altar of Sif Muna.
   499 | D        | Found a radiant altar of Vehumet.
   508 | D        | Reached skill level 9 in Spellcasting
   626 | D        | Became a worshipper of Vehumet
   659 | D        | Found Addasyi's Distillery.
   659 | D        | Found an ancient bone altar of Kikubaaqudgha.
   659 | D        | Found a hazy altar of Hepliaklqana.
   659 | D        | Found a stormy altar of Qazlal.
   659 | D        | Found a hide-covered altar of Uskayaw.
   659 | D        | Found a blossoming altar of Fedhas.
   659 | D        | Found a bloodstained altar of Trog.
   659 | D        | Found an iron altar of Okawaru.
   659 | D        | Found a basalt altar of Yredelemnul.
   659 | D        | Found a glowing golden altar of the Shining One.
   659 | D        | Found a snail-covered altar of Cheibriados.
   659 | D        | Found a sacrificial altar of Ru.
   659 | D        | Found a glowing silver altar of Zin.
   659 | D        | Found a shadowy altar of Dithmenos.
   659 | D        | Found a white marble altar of Elyvilon.
   659 | D        | Noticed a yak
   665 | D        | Killed a yak
   666 | D        | Reached skill level 10 in Spellcasting
   668 | D        | Found an opulent altar of Gozag.
   751 | D        | Found a sparkling altar of Nemelex Xobeh.
   767 | D        | Found a burning altar of Makhleb.
   767 | D        | Found a viscous altar of Jiyva.
   767 | D        | Found a shimmering altar of Xom.
   767 | D        | Found a corrupted altar of Lugonu.
   767 | D        | Noticed a slime creature
   774 | D        | Killed a slime creature
   775 | D        | Reached skill level 5 in Dodging
   775 | D        | Reached skill level 12 in Spellcasting
   775 | D        | Reached XP level 7. HP: 22/37 MP: 6/24
   915 | D        | Noticed a kobold demonologist
   915 | D        | Noticed a kobold demonologist
   917 | D        | Reached * piety under Vehumet
   917 | D        | Offered knowledge of Sandblast by Vehumet.
   918 | D        | Reached skill level 1 in Fighting
   918 | D        | Noticed a hellwing
   918 | D        | Killed a kobold demonologist
   918 | D        | Killed a kobold demonologist
   919 | D        | Reached skill level 1 in Polearms
   919 | D        | Reached skill level 14 in Spellcasting
   919 | D        | Reached XP level 8. HP: 43/43 MP: 12/28
   921 | D        | Learned a level 1 spell: Sandblast
  1074 | D        | Noticed Sonja
  1081 | D        | Killed Sonja
  1081 | D        | Reached ** piety under Vehumet
  1082 | D        | Reached skill level 15 in Spellcasting
  1082 | D        | Reached skill level 5 in Conjurations
  1167 | D        | Learned a level 3 spell: Call Canine Familiar
  1171 | D        | Learned a level 3 spell: Summon Guardian Golem
  1180 | D        | Noticed a deep troll
  1199 | D        | Killed a deep troll
  1199 | D        | Offered knowledge of Poisonous Vapours by Vehumet.
  1200 | D        | Reached skill level 1 in Summonings
  1200 | D        | Reached skill level 15 in Ice Magic
  1200 | D        | Reached XP level 9. HP: 5/48 MP: 9/30
  1352 | D        | Killed a gargoyle
  1478 | D        | Found Ezinwow's Armour Emporium.
  1488 | D        | Bought a +0 pair of boots of stealth for 149 gold pieces
  1488 | D        | Bought a +2 cloak for 214 gold pieces
  1534 | D        | Found Ehesib's Jewellery Boutique.
  1542 | D        | Bought a ring of protection from fire for 325 gold pieces
  1562 | D        | Learned a level 2 spell: Poisonous Vapours
  1578 | D        | Noticed a demonic crawler
  1578 | D        | Noticed a demonic crawler
  1578 | D        | Noticed a demonic crawler
  1578 | D        | Noticed a demonic crawler
  1584 | D        | Killed a demonic crawler
  1585 | D        | Reached skill level 16 in Spellcasting
  1585 | D        | Reached skill level 1 in Hexes
  1585 | D        | Killed a demonic crawler
  1585 | D        | Offered knowledge of Dazzling Flash by Vehumet.
  1588 | D        | Killed a demonic crawler
  1588 | D        | Reached *** piety under Vehumet
  1590 | D        | Killed a demonic crawler
  1766 | D        | Learned a level 3 spell: Dazzling Flash
  1780 | D        | Noticed a lindwurm
  1793 | D        | Killed a lindwurm
  1793 | D        | Offered knowledge of Ignite Poison by Vehumet.
  1794 | D        | Reached skill level 17 in Spellcasting
  1798 | D        | Learned a level 3 spell: Ignite Poison
  1893 | D        | Noticed a gargoyle
  1896 | D        | Killed a gargoyle
  1897 | D        | Reached XP level 10. HP: 53/53 MP: 24/33
  2144 | D        | Reached **** piety under Vehumet
  2145 | D        | Offered knowledge of Irradiate by Vehumet.
  2147 | D        | Reached skill level 18 in Spellcasting
  2149 | D        | Reached ***** piety under Vehumet
  2156 | D        | Reached skill level 1 in Poison Magic
  2159 | D        | Reached skill level 5 in Summonings
  2170 | D        | Learned a level 5 spell: Irradiate
  2290 | D        | Noticed a daeva
  2299 | D        | Killed a daeva
  2299 | D        | Offered knowledge of Freezing Cloud by Vehumet.
  2300 | D        | Reached skill level 19 in Spellcasting
  2300 | D        | Reached skill level 1 in Transmutations
  2300 | D        | Reached skill level 1 in Fire Magic
  2437 | D        | Learned a level 5 spell: Freezing Cloud
  2448 | D        | Reached XP level 11. HP: 37/58 MP: 24/36
  2450 | D        | Reached skill level 20 in Spellcasting
  2453 | D        | Reached ****** piety under Vehumet
  2723 | D        | Noticed a 12-headed hydra
  2730 | D        | Killed a 12-headed hydra
  2937 | D        | Noticed a centaur warrior
  2940 | D        | Noticed a centaur warrior
  2945 | D        | Killed a centaur warrior
  2945 | D        | Offered knowledge of Spellforged Servitor by Vehumet.
  2949 | D        | Killed a centaur warrior
  2950 | D        | Reached skill level 21 in Spellcasting
  2958 | D        | Learned a level 7 spell: Spellforged Servitor
  3133 | D        | Noticed an oklob plant
  3135 | D        | Killed an oklob plant
  3249 | D        | Offered knowledge of Orb of Destruction by Vehumet.
  3258 | D        | Learned a level 7 spell: Orb of Destruction
  3277 | D        | Offered knowledge of Bolt of Magma by Vehumet.
  3513 | D        | Found Datun's Antique Weapon Shoppe.
  3513 | D        | Found Par Idiu's Armour Shop.
  3513 | D        | Found Funt's General Store.
  3515 | D        | Found Cekikhlal's Jewellery Emporium.
  3515 | D        | Found Vemam's Assorted Antiques.
  3515 | D        | Found Zeptacol's Antique Armour Shoppe.
  3515 | D        | Found Jocacs's Book Boutique.
  3515 | D        | Found Rawnym's Magic Scroll Emporium.
  3515 | D        | Found Nuojauq's Distillery.
  3515 | D        | Found Ecwes's Jewellery Shoppe.
  3519 | D        | Found Cyut's Book Boutique.
  3520 | D        | Found Ishros's General Store.
  3520 | D        | Found Vumoy's General Store.
  3521 | D        | Found Ejunug's Distillery.
  3530 | D        | Bought a +0 pair of gloves for 63 gold pieces
  3543 | D        | Bought a glowing robe for 114 gold pieces
  3555 | D        | Bought the ring of Wu Jian's Displeasure {rF+ rN+ MP+9
                  | Str+2} for 652 gold pieces
  3559 | D        | Bought a scarf of resistance for 416 gold pieces
  3574 | D        | Bought an Inescapable Atlas for 374 gold pieces
  3577 | D        | Learned a level 2 spell: Blink
  3803 | D        | Noticed a deep elf annihilator
  3811 | D        | Offered knowledge of Ozocubu's Refrigeration by Vehumet.
  3868 | D        | Killed a deep elf annihilator
  3869 | D        | Reached skill level 22 in Spellcasting
  3869 | D        | Reached skill level 10 in Conjurations
  3922 | D        | Noticed a mummy priest
  4016 | D        | Identified the ring of Baper {Fly rF+ rCorr Int+4 Dex-2}
  4064 | D        | Killed a mummy priest
  4065 | D        | Reached XP level 12. HP: 24/64 MP: 29/40
  4244 | D        | Noticed the 27-headed Lernaean hydra
  4251 | D        | Killed the 27-headed Lernaean hydra
  4252 | D        | Reached skill level 23 in Spellcasting
  4483 | D        | Noticed a deep elf master archer
  4490 | D        | Shot with an arrow by a deep elf master archer

Illustrated notes

Levels and vault maps discovered:
D:        dungeon_sprint_1 [red_sonja_temple_1, red_sonja_temple_small_1]

Skill      XL: |  1  2  3  4  5  6  7  8  9 10 11 12 |
---------------+-------------------------------------+-----
Dodging        | 3 4 5 6 7 8 |  8.9
Spellcasting   | 4 5 8 12 14 15 17 19 22 23 | 23.1
Ice Magic      | 7 9 11 12 14 15 16 17 19 20 | 20.1
Unarmed Combat | 1 2 |  2.0
Conjurations   | 1 3 4 5 6 8 10 11 | 11.8
Fighting       | 1 2 3 |  3.3
Polearms       | 1 |  1.9
Summonings     | 1 4 5 7 9 |  9.3
Hexes          | 2 |  2.8
Poison Magic   | 1 |  1.6
Transmutations | 1 |  1.0
Fire Magic     | 1 |  1.1
Stealth        | |  2.4
Air Magic      | |  0.8

Action                   |  1- 3 |  4- 6 |  7- 9 | 10-12 || total
-------------------------+-------+-------+-------+-------++-------
Melee: Unarmed           |    20 |       |       |       ||    20
       Scythe            |       |     1 |       |       ||     1
 Cast: Freeze            |     9 |     6 |     5 |    29 ||    49
       Hailstorm         |       |     7 |    15 |    47 ||    69
       Ozocubu's Armour  |       |     5 |     4 |    15 ||    24
       Frozen Ramparts   |       |     2 |     7 |    15 ||    24
       Call Canine Famil |       |       |     4 |     3 ||     7
       Summon Guardian G |       |       |     3 |     2 ||     5
       Ignite Poison     |       |       |     1 |     2 ||     3
       Freezing Cloud    |       |       |       |    24 ||    24
       Spellforged Servi |       |       |       |     5 ||     5
  Use: Potion            |     3 |     1 |     1 |       ||     5
Armor: Robe              |       |     2 |     6 |    49 ||    57
Dodge: Dodged            |    10 |     4 |     9 |    59 ||    82
